Map: Oxide LE

Players

uThermal - Winner!

  • Race: Terran Terran

Lilbow

  • Race: Protoss Protoss

Event: DreamHack SC2 Masters 2021 Fall

VOD

Have the link to the VOD?

Description

Time

  • Played on: July 28, 2021, 3:57 p.m.
  • Length: 12:38

All games in this series

Show
View Real Time Build Order
Export as new Build Order

uThermal Terran - Winner!

Build Orders: Reaper Expand, Banshee Rush 

Get SALT Encoding   

  12  0:00  SCV  
  13  0:12  SCV  
  14  0:17  Supply Depot  
  14  0:24  SCV  
  15  0:38  SCV  
  15  0:40  Barracks  
  16  0:43  Refinery  
  16  0:50  SCV  
  17  1:03  SCV  
  18  1:15  SCV  
  19  1:27  Reaper, Orbital Command  
  20  1:45  Command Center  
  20  1:51  Supply Depot  
  20  1:54  SCV  
  21  1:59  Marine  
  22  2:06  SCV  
  23  2:10  Factory  
  23  2:18  SCV  
  23  2:19  Bunker  
  23  2:22  Barracks Reactor  
  24  2:28  Refinery  
  24  2:30  SCV  
  25  2:42  SCV  
  26  2:54  SCV  
  26  2:55  Starport, Hellion  
  29  3:00  Orbital Command  
  29  3:01  Marine x2  
  30  3:06  SCV  
  31  3:17  Factory Tech Lab  
  31  3:18  SCV  
  31  3:19  Marine x2  
  34  3:25  SCV  
  35  3:30  SCV  
  36  3:34  Supply Depot  
  36  3:37  Marine x2  
  36  3:38  SCV  
  36  3:39  Cloaking Field  
  39  3:42  Factory Tech Lab  
  39  3:43  Banshee  
  39  3:46  SCV  
  43  3:50  SCV  
  43  3:51  Supply Depot  
  44  3:56  Marine x2  
  44  3:58  SCV  
  47  4:04  SCV  
  47  4:06  Siege Tank  
  49  4:10  SCV  
  49  4:14  Marine x2, Engineering Bay  
  49  4:16  SCV  
  53  4:22  SCV  
  54  4:26  Banshee, Supply Depot  
  54  4:28  SCV  
  58  4:31  Marine  
  58  4:32  Marine  
  58  4:34  SCV  
  61  4:41  SCV  
  62  4:48  SCV, Supply Depot  
  62  4:49  Marine x2, Siege Tank  
  68  4:53  SCV  
  68  4:57  Command Center  
  69  5:00  SCV  
  70  5:10  SCV  
  70  5:13  Barracks  
  70  5:14  Marine x2  
  71  5:15  Barracks  
  73  5:21  Siege Tank  
  73  5:23  SCV  
  73  5:24  SCV  
  73  5:26  Supply Depot  
  78  5:33  Engineering Bay  
  78  5:34  Refinery  
  78  5:41  Refinery  
  78  5:47  Marine x2  
  78  5:48  SCV x2  
  82  5:53  Siege Tank  
  82  6:01  Bunker  
  82  6:03  Bunker  
  82  6:04  SCV, Stimpack, Marauder  
  84  6:08  SCV  
  86  6:11  Marine x2  
  86  6:13  Orbital Command  
  86  6:16  SCV  
  89  6:20  SCV  
  89  6:23  Supply Depot  
  90  6:29  Marine, Starport Reactor  
  90  6:33  Factory Reactor  
  90  6:35  Marine x2  
  90  6:38  Terran Infantry Armor Level 1, Marine, Terran Infantry Weapons Level 1  
  93  6:43  Supply Depot  
  93  6:47  Marine  
  93  6:48  Combat Shield  
  94  6:59  Marine  
  94  7:00  Marauder  
  90  7:02  Orbital Command  
  90  7:06  SCV x2  
  90  7:07  Marine  
  90  7:08  Barracks, Marauder  
  95  7:15  Widow Mine  
  97  7:16  Barracks  
  97  7:17  Widow Mine  
  97  7:20  Medivac  
  101  7:24  Medivac  
  101  7:26  SCV  
  104  7:30  SCV  
  104  7:33  Bunker  
  104  7:35  Marine x2, Supply Depot  
  104  7:36  Marauder  
  109  7:39  Marine, SCV  
  109  7:43  Concussive Shells  
  111  7:46  SCV  
  111  7:48  SCV  
  112  7:51  Supply Depot  
  112  7:53  Marine  
  112  7:55  Medivac x2  
  112  7:56  Barracks Tech Lab  
  112  7:57  SCV, Marauder  
  120  7:59  SCV  
  120  8:01  Missile Turret  
  120  8:03  Barracks Tech Lab  
  121  8:06  Marine, SCV, Marauder  
  121  8:11  Supply Depot  
  121  8:12  Marine, Supply Depot  
  125  8:13  SCV x2  
  125  8:15  Marine, Armory  
  125  8:18  Marine, SCV  
  131  8:22  Widow Mine  
  131  8:25  SCV  
  133  8:32  Marine x2, Medivac x2  
  133  8:33  SCV, Widow Mine, Marauder  
  133  8:34  Marine, SCV, Supply Depot  
  145  8:35  Marine  
  145  8:36  Marine  
  145  8:40  SCV  
  149  8:42  Refinery  
  149  8:43  Refinery  
  149  8:44  Supply Depot, Missile Turret  
  149  8:48  Supply Depot  
  149  8:50  Marine x2, Widow Mine  
  149  8:55  Marine, Marauder  
  153  9:02  Medivac  
  153  9:03  SCV  
  153  9:06  Medivac  
  153  9:08  Terran Infantry Weapons Level 2  
  158  9:10  Marine, Marauder  
  158  9:13  Command Center  
  161  9:19  Marine, Supply Depot  
  161  9:20  Marauder  
  161  9:21  Supply Depot  
  164  9:26  Marine, Sensor Tower, Marauder  
  164  9:28  Marine  
  164  9:29  Terran Infantry Armor Level 2  
  168  9:36  Viking  
  169  9:51  Viking  
  158  9:55  Marine  
  158  9:56  Marauder  
  148  10:06  Viking  
  150  10:08  Marine x2  
  150  10:09  Marauder x2  
  150  10:10  Ghost Academy  
  150  10:14  Marine  
  150  10:17  Marauder  
  150  10:19  Barracks, Terran Ship Weapons Level 1  
  153  10:21  Viking, Barracks x2  
  153  10:27  Missile Turret  
  155  10:29  Missile Turret  
  155  10:30  SCV  
  155  10:32  Missile Turret  
  156  10:36  Viking  
  156  10:40  Ghost x2  
  156  10:41  Enhanced Shockwaves  
  162  10:45  Marine x2  
  162  10:48  Marine, Ghost  
  167  10:53  Viking  
  169  10:57  SCV  
  169  10:58  SCV  
  169  11:01  Planetary Fortress  
  169  11:02  SCV  
  169  11:03  Marine  
  173  11:07  Marauder  
  173  11:09  SCV, Barracks Tech Lab  
  173  11:10  Barracks Reactor, SCV, Barracks Tech Lab  
  173  11:11  Marine, Marauder x2  
  182  11:12  Missile Turret  
  182  11:14  SCV  
  182  11:17  Marine  
  182  11:21  Marine, SCV  
  182  11:23  Viking  
  186  11:27  Ghost  
  186  11:28  Marine  
  186  11:29  Viking  
  193  11:33  Marauder  
  193  11:34  Command Center  
  193  11:35  Marauder  
  193  11:39  Marine x2  
  198  11:40  Marauder  
  199  11:54  Marine x2  
  199  11:56  Command Center  
  200  12:19  Marine x2  
Show
View Real Time Build Order
Export as new Build Order

Lilbow Protoss 

Build Orders: 1 Gate Expand, Blink Stalkers 

Get SALT Encoding   

  12  0:00  Probe  
  13  0:12  Probe  
  14  0:17  Pylon  
  14  0:24  Probe (Chrono Boost)  
  15  0:36  Gateway, Probe (Chrono Boost)  
  16  0:44  Probe (Chrono Boost)  
  16  0:46  Assimilator  
  17  0:51  Probe  
  18  1:03  Probe  
  19  1:15  Probe  
  20  1:23  Cybernetics Core  
  20  1:32  Nexus  
  20  1:36  Probe  
  21  1:42  Pylon  
  21  1:48  Probe  
  21  1:50  Assimilator  
  22  1:58  Adept (Chrono Boost)  
  22  2:00  Probe (Chrono Boost)  
  25  2:03  Warp Gate  
  25  2:12  Probe (Chrono Boost)  
  26  2:20  Probe (Chrono Boost)  
  26  2:21  Stalker  
  29  2:26  Probe  
  30  2:36  Twilight Council  
  30  2:42  Probe (Chrono Boost)  
  30  2:44  Probe (Chrono Boost)  
  32  2:50  Gateway  
  33  2:53  Probe (Chrono Boost)  
  33  2:54  Probe (Chrono Boost)  
  34  3:03  Robotics Facility, Probe  
  34  3:05  Probe  
  36  3:14  Blink (Chrono Boost)  
  36  3:15  Probe  
  36  3:17  Probe  
  38  3:27  Probe  
  38  3:29  Probe  
  40  3:39  Probe  
  41  3:47  Pylon  
  41  3:50  Nexus  
  41  3:53  Observer  
  41  3:54  Stalker x2  
  46  3:59  Pylon  
  46  4:05  Probe x2  
  46  4:06  Assimilator  
  48  4:18  Probe x2  
  48  4:19  Stalker x2  
  54  4:30  Probe x2  
  56  4:35  Pylon  
  56  4:42  Probe x2  
  56  4:43  Stalker x2  
  61  4:53  Observer (Chrono Boost)  
  61  4:54  Probe (Chrono Boost)  
  61  4:58  Probe (Chrono Boost)  
  64  5:03  Forge, Robotics Bay  
  64  5:05  Probe (Chrono Boost)  
  67  5:08  Probe (Chrono Boost)  
  67  5:09  Probe (Chrono Boost)  
  67  5:10  Shield Battery, Probe (Chrono Boost)  
  67  5:11  Shield Battery  
  68  5:16  Observer (Chrono Boost)  
  68  5:17  Probe  
  68  5:18  Probe  
  68  5:20  Probe  
  72  5:24  Shield Battery  
  72  5:27  Gateway  
  72  5:29  Probe  
  72  5:30  Gateway, Probe  
  72  5:32  Probe  
  75  5:38  Protoss Ground Weapons Level 1  
  75  5:40  Charge  
  75  5:41  Zealot, Probe  
  75  5:42  Zealot, Probe  
  80  5:52  Probe  
  81  5:57  Immortal (Chrono Boost)  
  81  6:00  Shield Battery x2  
  81  6:03  Stalker  
  83  6:04  Shield Battery  
  83  6:10  Stalker  
  83  6:11  Probe  
  84  6:14  Probe  
  84  6:17  Probe  
  83  6:23  Probe  
  84  6:26  Probe  
  85  6:33  Stalker  
  85  6:36  Pylon x2  
  85  6:37  Nexus, Pylon  
  85  6:38  Probe  
  85  6:46  Probe  
  82  6:55  Probe  
  82  6:57  Immortal (Chrono Boost)  
  79  7:01  Stalker x2  
  79  7:06  Probe  
  79  7:08  Probe  
  80  7:17  Pylon  
  79  7:26  Stalker  
  79  7:27  Stalker, Zealot x2  
  86  7:31  Pylon  
  86  7:35  Immortal (Chrono Boost)  
  90  7:52  Probe  
  90  7:54  Observer  
  90  7:57  Extended Thermal Lance  
  91  8:03  Shield Battery  
  91  8:04  Zealot x4  
  99  8:14  Colossus (Chrono Boost)  
  99  8:17  Probe  
  107  8:25  Robotics Facility  
  104  8:30  Probe x2  
  104  8:31  Probe  
  104  8:35  Assimilator  
  104  8:42  Probe x2  
  104  8:43  Zealot x3, Probe  
  104  8:44  Zealot  
  115  8:54  Gateway  
  113  8:55  Gateway  
  113  8:59  Pylon  
  113  9:04  Shield Battery  
  113  9:08  Probe x2  
  115  9:10  Assimilator  
  115  9:11  Assimilator  
  115  9:20  Pylon  
  125  9:30  Gateway  
  125  9:32  Gateway  
  125  9:33  Gateway  
  125  9:35  Templar Archives  
  125  9:43  Zealot x4  
  132  9:47  Zealot x3  
  132  9:50  Probe  
  132  9:51  Pylon  
  132  9:52  Pylon, Probe  
  110  9:56  Probe  
  110  9:59  Zealot x2  
  107  10:02  Probe  
  107  10:05  Robotics Facility  
  107  10:06  Robotics Facility  
  108  10:09  Robotics Facility  
  108  10:10  Zealot  
  108  10:11  Zealot  
  112  10:21  Pylon  
  112  10:22  Pylon  
  112  10:29  Assimilator, Probe (Chrono Boost)  
  112  10:30  Probe x2 (Chrono Boost)  
  112  10:32  High Templar  
  112  10:33  High Templar  
  112  10:35  Pylon  
  119  10:37  Pylon  
  119  10:39  Archon  
  119  10:40  Probe x2 (Chrono Boost)  
  119  10:41  Probe (Chrono Boost)  
  122  10:48  Pylon  
  138  11:02  Colossus (Chrono Boost)  
  138  11:05  Stalker  
  138  11:06  Colossus (Chrono Boost), Stalker  
  138  11:07  Colossus (Chrono Boost)  
  138  11:10  Zealot x2, Stalker  
  138  11:11  Stalker  
  150  11:14  Pylon, Probe x3  
  150  11:16  Pylon  
  153  11:26  Pylon  
  153  11:39  Colossus (Chrono Boost)  
  170  11:50  Stalker x3  
  170  11:51  Colossus x2 (Chrono Boost), Stalker  
  178  11:58  Pylon  
  178  12:04  High Templar x2  
  182  12:08  Nexus  
  182  12:12  Archon  
  182  12:18  Zealot x4  

Tags
 
Add a new tag
Caveats
  • Supply blocks, unpowered buildings, or Contaminate may cause inaccurate times.
  • Supply counts are checked every 10 seconds.